 Dungeon Crawl Stone Soup version 0.22.0-13-g43fe8f24b8 (webtiles) character file.

74811 Kirk the Eclecticist (level 15, -2/80 HPs)
             Began as a Deep Elf Wizard on Aug 16, 2018.
             Was a High Priest of Vehumet.
             Hit by a stone thrown by a skeletal warrior (5 damage)
             ... led by a skeletal warrior
             ... on level 13 of the Dungeon.
             The game lasted 01:16:43 (27529 turns).

Kirk the Eclecticist (Deep Elf Wizard)             Turns: 27529, Time: 01:16:44

Health: -2/80      AC: 12    Str:  5    XL:     15   Next: 7%
Magic:  4/38       EV: 15    Int: 35    God:    Vehumet [*****.]
Gold:   956        SH:  5    Dex: 13    Spells: 35/48 levels left

rFire    . . .     SeeInvis +   R - +3 dagger of Bebeovo {chaos, Int+2 SInv}
rCold    . . .     Gourm    +   E - +0 buckler
rNeg     + . .     Faith    .   w - +3 leather armour {rN+}
rPois    +         Spirit   .   f - +0 helmet
rElec    +         Reflect  .   l - +0 cloak
rCorr    .         Harm     .   G - +2 pair of gloves
MR       ++...                  N - +0 pair of boots
Stlth    ++........             q - amulet "Mecrin" {Gourm Fragile rElec Int+4}
HPRegen  0.23/turn              p - ring of protection from magic
MPRegen  0.26/turn              u - ring of poison resistance

@: studying Shields
A: no striking features
a: Renounce Religion


You were on level 13 of the Dungeon.
You worshipped Vehumet.
Vehumet was extremely pleased with you.
You were completely stuffed.

You visited 3 branches of the dungeon, and saw 20 of its levels.
You also visited: Bailey.

You collected 956 gold pieces.

Inventory:

Hand Weapons
 z - a +0 blowgun
 R - the +3 dagger of Bebeovo (weapon) {chaos, Int+2 SInv}
   (You found it on level 4 of the Lair of Beasts)

   Each time it hits an enemy it has a different, random effect.
   It affects your intelligence (+2).
   It lets you see invisible.
 S - the +11 rapier "Daowior" {chaos, +Fly}
   (You found it on level 5 of the Lair of Beasts)

   Each time it hits an enemy it has a different, random effect.
   It lets you fly.
Missiles
 o - 6 javelins (quivered)
 A - 32 poisoned needles
Armour
 b - a +0 hat
 f - a +0 helmet (worn)
 l - a +0 cloak (worn)
 w - a +3 leather armour of positive energy (worn)
 E - a +0 buckler (worn)
 G - a +2 pair of gloves (worn)
 N - a +0 pair of boots (worn)
 W - a +2 robe of positive energy
 X - the +3 hat of Pondering {ponderous, MR+ MP+10 Int+5}
   (You took it off Gastronok on level 12 of the Dungeon)

   It affects your intelligence (+5).
   It affects your resistance to hostile enchantments.
   It affects your magic capacity (+10).
Jewellery
 k - an uncursed ring of see invisible
 m - an uncursed ring of positive energy
 p - a ring of protection from magic (left hand)
 q - the amulet "Mecrin" (around neck) {Gourm Fragile rElec Int+4}
   (You acquired it on level 4 of the Lair of Beasts)

   [amulet of the gourmand]

   It allows you to eat raw meat even when not hungry.
   It affects your intelligence (+4).
   It insulates you from electricity.
   It will be destroyed if unequipped.
 u - a ring of poison resistance (right hand)
 F - an uncursed ring of protection from cold
 V - an uncursed ring of protection from cold
Wands
 a - a wand of iceblast (20)
 t - a wand of random effects (58)
 v - a wand of paralysis (22)
 y - a wand of polymorph (16)
 C - a wand of acid (6)
 M - a wand of clouds (3)
 P - a wand of enslavement (13)
 Q - a wand of scattershot (1)
Scrolls
 g - 14 scrolls of remove curse
 h - a scroll of teleportation
 j - 3 scrolls of amnesia
 n - 7 scrolls of identify
 r - a scroll of enchant armour
 I - 2 scrolls of summoning
 K - a scroll of enchant weapon
 L - a scroll of magic mapping
Potions
 c - 2 potions of heal wounds
 e - 4 potions of flight
 i - 4 potions of brilliance
 s - 2 potions of resistance
 x - a potion of curing
 B - 3 potions of might
 H - 2 potions of agility
 O - a potion of mutation
 U - a potion of magic
Books
 T - a manual of Shields
Miscellaneous
 D - a fan of gales
 Y - a phial of floods
Comestibles
 d - 32 rations


   Skills:
 - Level 4.1 Fighting
 + Level 3.5 Short Blades
 - Level 8.0 Dodging
 - Level 2.4 Stealth
 - Level 4.0 Shields
 + Level 17.0 Spellcasting
 + Level 16.0 Conjurations
   Level 1.1 Summonings
 - Level 2.0 Translocations
 * Level 12.3 Fire Magic
 - Level 10.2 Ice Magic
 - Level 0.3 Air Magic
 - Level 0.3 Poison Magic
 - Level 0.3 Evocations


You had 35 spell levels left.
You knew the following spells:

 Your Spells              Type           Power        Failure   Level  Hunger
a - Magic Dart            Conj           ####         0%          1    None
b - Blink                 Tloc           N/A          1%          2    None
c - Conjure Flame         Conj/Fire      #######.     0%          3    None
d - Mephitic Cloud        Conj/Pois/Air  ######..     1%          3    None
e - Throw Icicle          Conj/Ice       #######.     1%          4    None

Your spell library contained the following spells:

 Spells                   Type           Power        Failure   Level  Hunger
 Slow                     Hex            ####....     3%          2    None
 Throw Frost              Conj/Ice       ######       0%          2    None
 Freeze                   Ice            ####         1%          1    None
 Summon Ice Beast         Ice/Summ       ######..     1%          4    None
 Ozocubu's Armour         Chrm/Ice       ######..     1%          3    None
 Call Imp                 Summ           #####...     1%          2    None
 Spider Form              Tmut/Pois      ####......   5%          3    None
 Blade Hands              Tmut           ####......   50%         5    None
 Ice Form                 Ice/Tmut       ######..     2%          4    None
 Sticks to Snakes         Tmut           ####....     3%          2    None
 Beastly Appendage        Tmut           ####..       1%          1    None


Dungeon Overview and Level Annotations

Branches:
Dungeon (13/15)            Temple (1/1) D:7            Lair (6/6) D:8
  Swamp (0/4) Lair:4       Spider (0/4) Lair:3        Slime (0/5) Lair:6
    Orc (0/2) D:12         Vaults (0/5) D:13

Altars:
Ashenzari
Cheibriados
Dithmenos
Fedhas
Gozag
Hepliaklqana
Kikubaaqudgha
Makhleb
Nemelex Xobeh
Okawaru
Qazlal
Ru
Sif Muna
Trog
Uskayaw
Vehumet
Xom
Zin
The Shining One
Beogh
Jiyva

Shops:
D:4 (   D:5 }

Annotations:
D:7 1 runed door, Sogov's ghost, novice TeVM
D:11 3 runed doors, facsimile's ghost, journeyman FoWz
D:13 Azrael; Urug
Lair:3 exclusion: oklob plant


Message History

The skeletal warrior is engulfed in blazing flames.
The skeletal warrior completely misses you.
A hell hound comes into view.
The hell hound moves out of view.
All of the chunks of flesh in your inventory have rotted away.
A fire elemental comes into view.
The hell hound barks!
You hear a bark!
A fire elemental comes into view.
The fire elemental moves out of view.
A hell hound comes into view.
A fire elemental and Azrael come into view.
Azrael is wielding a scimitar of flaming.
Azrael gestures at you.
The sphere of damnation explodes!
The damnation engulfs you!
Ouch! That really hurt!
* * * LOW HITPOINT WARNING * * *
The damnation engulfs the skeletal warrior.
The skeletal warrior is destroyed!
The skeletal warrior throws a stone.
The stone hits you.
You die... #..##..##..# ...# #..##...#..# ...# #.......#..# zz..

#..######..# ....
######..##..##..# ....
#....z........... ...#
#.....#.#.#.....z
#.....)E§h.......
#....@###§#.##'## .#
#.......∩#.§§.#..## .#
#.#......#.#......#
..# #
#.....E..).h....# ..#
#....E.§R§.##..##...#
#####.§§§§§##.)##...#
.#####..#§§§.....)...#
........#§......)#....
######.)##..##.)## ...


You could see Azrael, a skeletal warrior, 3 fire elementals and a hell hound.

Vanquished Creatures
  Rupert (D:13)
  Gastronok (D:12)
  A dire elephant (Lair:6)
  Josephine (D:12)
  A yaktaur captain (D:13)
  7 hydras
  2 centaur warriors (D:13)
  2 catoblepae (Lair:6)
  Erica (D:8)
  5 two-headed ogres
  Nergalle (D:10)
  A skeletal warrior (D:13)
  An orc knight (D:12)
  An unseen horror (D:12)
  Pikel (D:6)
  2 lindwurms (Lair:6)
  2 deep elf magi (D:13)
  An orb spider (Lair:3)
  2 ugly things
  2 manticores (Lair:6)
  35 elephants
  Maurice (D:12)
  Joseph (D:7)
  2 black mambas
  A centaur skeleton (D:10)
  Psyche (D:11)
  A gargoyle (D:13)
  A torpor snail (Lair:5)
  11 komodo dragons
  11 spiny frogs
  A yaktaur (D:13)
  3 rime drakes
  A polar bear (Lair:2)
  4 tyrant leeches (Lair:4)
  A troll (D:10)
  8 blink frogs
  7 hippogriffs
  Prince Ribbit (D:7)
  5 slime creatures (D:12)
  21 dream sheep
  3 wyverns
  A vampire (D:9)
  A spriggan (D:11)
  4 wraiths (D:12)
  Sigmund (D:3)
  2 basilisks
  56 yaks
  A fire elemental (D:13)
  A hungry ghost (D:10)
  Grum (D:11)
  A steam dragon (D:9)
  3 swamp worms
  16 water moccasins
  Duvessa (D:5)
  12 porcupines
  13 orc warriors
  2 phantoms
  A slave (D:6)
  6 sky beasts
  A black bear (D:3)
  3 ogres
  8 wolves
  7 centaurs
  13 crocodiles
  Blork the orc (D:6)
  4 big kobolds
  10 bullfrogs
  Dowan (D:5)
  3 scorpions
  10 killer bees
  8 wights (D:11)
  2 howler monkeys
  2 electric eels
  5 crimson imps
  2 jellies
  Crazy Yiuf (D:7)
  A quasit (D:7)
  A centaur zombie (D:11)
  A gnoll shaman (D:7)
  6 orc priests
  4 hounds
  3 iguanas
  10 orc wizards
  9 worker ants
  3 hound zombies
  A hound skeleton (D:9)
  A worker ant zombie (D:6)
  12 gnolls
  6 adders
  5 shadow imps
  4 oozes
  2 adder skeletons
  A worm (D:2)
  A dart slug (D:2)
  4 leopard geckos
  75 orcs
  A ball python (D:2)
  12 bats
  5 giant cockroaches
  10 goblins
  2 hobgoblins (D:1)
  13 jackals
  37 kobolds
  2 quokkas
  2 ball python skeletons (D:4)
  9 frilled lizards
  A jackal skeleton (D:6)
  3 leopard gecko skeletons
  5 rats
612 creatures vanquished.

Vanquished Creatures (collateral kills)
  A worker ant (D:8)
1 creature vanquished.

Vanquished Creatures (others)
  A skeletal warrior (D:13)
  A centaur skeleton (D:13)
  3 slaves (D:6)
  A centaur (D:6)
  A jelly (D:13)
  A hound (D:6)
  An orc (D:6)
  A ball python (D:6)
  17 fungi
  8 plants
  2 withered plants (D:7)
37 creatures vanquished.

Grand Total: 650 creatures vanquished

Notes
Turn   | Place    | Note
-------+----------+-------------------------------------------
     0 | D:1      | Kirk the Deep Elf Wizard began the quest for the Orb.
     0 | D:1      | Reached XP level 1. HP: 10/10 MP: 7/7
   451 | D:1      | Reached skill level 5 in Spellcasting
   451 | D:1      | Reached XP level 2. HP: 15/15 MP: 8/10
  1208 | D:2      | Reached XP level 3. HP: 19/19 MP: 6/12
  1234 | D:2      | Found a hide-covered altar of Uskayaw.
  1234 | D:2      | Found a shimmering altar of Xom.
  1578 | D:2      | Reached skill level 6 in Spellcasting
  1875 | D:2      | Reached XP level 4. HP: 20/24 MP: 10/14
  1942 | D:2      | Found a sparkling altar of Nemelex Xobeh.
  2092 | D:3      | Learned a level 2 spell: Blink
  2096 | D:3      | Learned a level 3 spell: Conjure Flame
  2100 | D:3      | Learned a level 3 spell: Mephitic Cloud
  2279 | D:3      | Noticed a black bear
  2294 | D:3      | Killed a black bear
  2294 | D:3      | Reached XP level 5. HP: 28/28 MP: 2/16
  2671 | D:3      | Found a snail-covered altar of Cheibriados.
  2762 | D:3      | Reached skill level 7 in Spellcasting
  2967 | D:3      | Noticed Sigmund
  2985 | D:3      | Killed Sigmund
  2985 | D:3      | Reached skill level 5 in Conjurations
  2985 | D:3      | Reached XP level 6. HP: 32/32 MP: 13/18
  3724 | D:4      | Reached XP level 7. HP: 36/36 MP: 16/20
  3764 | D:4      | Found Woffuud's Weapon Boutique.
  3993 | D:4      | Reached skill level 8 in Spellcasting
  4385 | D:5      | Entered Level 5 of the Dungeon
  4474 | D:5      | Found Maihyuff's Gadget Shop.
  4721 | D:5      | Noticed Duvessa
  4721 | D:5      | Noticed Dowan
  4731 | D:5      | Killed Duvessa
  4734 | D:5      | Killed Dowan
  4734 | D:5      | Reached skill level 9 in Spellcasting
  4946 | D:5      | Reached XP level 8. HP: 41/41 MP: 10/23
  5350 | D:6      | Noticed Pikel
  5362 | D:6      | Killed Pikel
  5362 | D:6      | Reached skill level 1 in Short Blades
  5500 | D:6      | Noticed Blork the orc
  5515 | D:6      | Killed Blork the orc
  5515 | D:6      | Reached skill level 10 in Spellcasting
  5526 | D:6      | Found a shadowy altar of Dithmenos.
  6030 | D:6      | Reached XP level 9. HP: 44/45 MP: 7/25
  6601 | D:7      | Noticed Joseph
  6611 | D:7      | Killed Joseph
  6622 | D:6      | Reached skill level 10 in Conjurations
  6767 | D:7      | Reached skill level 11 in Spellcasting
  6778 | D:7      | Found a runed door.
  6778 | D:7      | Noticed Sogov's ghost (novice TeVM)
  7129 | D:7      | Noticed Prince Ribbit
  7137 | D:7      | Killed Prince Ribbit
  7185 | D:7      | Found a staircase to the Ecumenical Temple.
  7710 | Temple   | Entered the Ecumenical Temple
  7781 | Temple   | Became a worshipper of Vehumet
  8313 | D:7      | Found a runed door.
  8317 | D:7      | Noticed Crazy Yiuf
  8323 | D:7      | Killed Crazy Yiuf
  8503 | D:7      | Reached skill level 12 in Spellcasting
  8655 | D:8      | Noticed Erica
  8660 | D:8      | Noticed a two-headed ogre
  8838 | D:8      | Reached * piety under Vehumet
  8838 | D:8      | Offered knowledge of Sandblast by Vehumet.
  8848 | D:8      | Killed a two-headed ogre
  8848 | D:8      | Reached skill level 1 in Fire Magic
  8848 | D:8      | Reached XP level 10. HP: 50/50 MP: 4/28
  8858 | D:8      | Killed Erica
  9210 | D:8      | Learned a level 4 spell: Throw Icicle
  9211 | D:8      | Found a staircase to the Lair.
  9211 | D:8      | Noticed a two-headed ogre
  9229 | D:8      | Killed a two-headed ogre
  9229 | D:8      | Reached skill level 13 in Spellcasting
 10525 | D:9      | Reached skill level 1 in Ice Magic
 10837 | D:10     | Entered Level 10 of the Dungeon
 10994 | D:10     | Reached XP level 11. HP: 39/54 MP: 2/30
 11153 | D:10     | Found a flagged portal.
 11252 | Bailey   | Entered a bailey
 11259 | Bailey   | Reached ** piety under Vehumet
 11259 | Bailey   | Offered knowledge of Flame Tongue by Vehumet.
 11471 | Bailey   | Found an iron altar of Okawaru.
 11722 | D:10     | Reached skill level 14 in Spellcasting
 11804 | D:10     | Noticed Nergalle
 11929 | D:10     | Killed Nergalle
 12024 | D:10     | Offered knowledge of Throw Flame by Vehumet.
 12374 | D:10     | Identified a scroll of acquirement
 12389 | D:11     | Noticed a two-headed ogre
 12394 | D:11     | Killed a two-headed ogre
 12500 | D:11     | Noticed Psyche
 12503 | D:11     | Killed Psyche
 12605 | D:11     | You fall through a shaft!
 12627 | D:12     | Noticed Maurice
 12649 | D:12     | Killed Maurice
 12649 | D:12     | Reached *** piety under Vehumet
 12676 | D:12     | Noticed Josephine
 12677 | D:12     | Noticed Gastronok
 12689 | D:12     | Noticed an unseen horror
 12842 | D:12     | Noticed an orc knight
 12868 | D:12     | Killed an orc knight
 12901 | D:12     | Noticed a six-headed hydra
 13153 | D:12     | Killed an unseen horror
 13265 | D:12     | Offered knowledge of Olgreb's Toxic Radiance by Vehumet.
 13265 | D:12     | Reached skill level 15 in Spellcasting
 13383 | D:12     | Found a roughly hewn altar of Beogh.
 13383 | D:12     | Found a staircase to the Orcish Mines.
 13616 | D:11     | Noticed facsimile's ghost (journeyman FoWz)
 13627 | D:11     | Noticed an ettin
 13631 | D:11     | Found a runed gate.
 13631 | D:11     | Found a runed gate.
 13648 | D:11     | Noticed a two-headed ogre
 13651 | D:11     | Killed a two-headed ogre
 13938 | D:11     | Reached XP level 12. HP: 59/59 MP: 23/33
 13951 | D:11     | Found a runed gate.
 13983 | D:11     | Noticed Grum
 13987 | D:11     | Killed Grum
 14125 | D:11     | Reached **** piety under Vehumet
 14125 | D:11     | Reached skill level 15 in Conjurations
 14244 | D:11     | Offered knowledge of Airstrike by Vehumet.
 14550 | Lair:1   | Entered Level 1 of the Lair of Beasts
 14839 | Lair:1   | Reached skill level 5 in Ice Magic
 15827 | Lair:2   | Noticed a seven-headed hydra
 15831 | Lair:2   | Killed a seven-headed hydra
 16022 | Lair:2   | Reached skill level 5 in Dodging
 16289 | Lair:2   | Reached skill level 5 in Fire Magic
 17382 | Lair:3   | Reached XP level 13. HP: 63/63 MP: 22/34
 18289 | Lair:3   | Reached skill level 10 in Ice Magic
 18404 | Lair:3   | Found a hole to the Spider Nest.
 19768 | Lair:4   | Got a twisted dagger
 19798 | Lair:4   | Identified the +3 dagger of Bebeovo {chaos, Int+2 SInv} (You found it on level 4 of the Lair of Beasts)
 19904 | Lair:4   | Found a staircase to the Swamp.
 19959 | Lair:4   | Reached ***** piety under Vehumet
 19989 | Lair:3   | Offered knowledge of Iskenderun's Mystic Blast by Vehumet.
 20225 | Lair:4   | Reached skill level 1 in Fighting
 20951 | Lair:4   | Got a faintly glowing lead amulet
 20952 | Lair:4   | Identified the amulet "Mecrin" {Gourm Fragile rElec Int+4} (You acquired it on level 4 of the Lair of Beasts)
 22028 | Lair:6   | Entered Level 6 of the Lair of Beasts
 22053 | Lair:6   | Reached skill level 10 in Fire Magic
 22250 | Lair:5   | Got an ichor-stained rapier
 22251 | Lair:5   | Identified the +11 rapier "Daowior" {chaos, +Fly} (You found it on level 5 of the Lair of Beasts)
 22293 | Lair:6   | Got a black opal-encrusted leather armour
 22297 | Lair:6   | Identified the +0 leather armour of Calculation {rElec rC- Regen+ Dex-2} (You found it on level 6 of the Lair of Beasts)
 22411 | Lair:6   | Reached XP level 14. HP: 76/76 MP: 30/35
 22425 | Lair:6   | Reached skill level 1 in Shields
 22605 | Lair:6   | Found an opulent altar of Gozag.
 24012 | Lair:6   | Found a viscous altar of Jiyva.
 24013 | Lair:6   | Found a staircase to the Slime Pits.
 24933 | Lair:6   | Reached skill level 16 in Spellcasting
 25476 | D:12     | Killed Josephine
 25912 | D:12     | Killed Gastronok
 26740 | D:13     | Noticed Urug
 27300 | D:13     | Found a gate to the Vaults.
 27403 | D:13     | Noticed Rupert
 27411 | D:13     | Killed Rupert
 27411 | D:13     | Reached XP level 15. HP: 49/80 MP: 12/37
 27413 | D:13     | Reached skill level 17 in Spellcasting
 27529 | D:13     | Noticed Azrael
 27529 | D:13     | HP: 3/80 [Azrael/damnation (44)]
 27529 | D:13     | Hit by a stone thrown by a skeletal warrior

Skill      XL: |  1  2  3  4  5  6  7  8  9 10 11 12 13 14 15 |
---------------+----------------------------------------------+-----
Spellcasting   | 5 6 7 9 10 12 13 15 16 17 | 17.0
Conjurations   | 2 3 5 7 9 11 13 14 15 16 | 16.0
Short Blades   | 1 2 3 |  3.5
Fire Magic     | 1 2 5 10 12 | 12.3
Ice Magic      | 2 4 9 10 | 10.2
Translocations | 2 |  2.0
Dodging        | 6 8 |  8.0
Fighting       | 4 |  4.1
Shields        | 4 |  4.0
Stealth        | |  2.4
Summonings     | |  1.1
Air Magic      | |  0.3
Poison Magic   | |  0.3
Evocations     | |  0.3

Action                   |  1- 3 |  4- 6 |  7- 9 | 10-12 | 13-15 || total
-------------------------+-------+-------+-------+-------+-------++-------
Melee: Short sword       |    11 |       |       |       |       ||    11
       Dagger            |       |     6 |    43 |   160 |    20 ||   229
 Fire: Blowgun           |       |       |       |       |    19 ||    19
Throw: Javelin           |     2 |       |       |       |       ||     2
 Cast: Magic Dart        |    98 |   109 |   388 |   242 |    26 ||   863
       Mephitic Cloud    |       |     4 |    27 |    17 |    27 ||    75
       Conjure Flame     |       |     1 |    17 |    22 |     8 ||    48
       Blink             |       |     1 |     5 |     2 |     5 ||    13
       Throw Icicle      |       |       |       |   250 |   438 ||   688
Evoke: Wand              |       |     6 |    17 |    20 |    14 ||    57
  Use: Scroll            |       |    10 |     6 |    10 |    11 ||    37
       Potion            |       |     1 |       |     6 |     2 ||     9
 Stab: Confused          |       |       |     2 |     2 |       ||     4
       Sleeping          |       |       |     1 |       |       ||     1
       Paralysed         |       |       |     3 |       |       ||     3
  Eat: Chunk             |     3 |     5 |    12 |    23 |    36 ||    79
       Ration            |       |       |     1 |     1 |     1 ||     3
Armor: Robe              |     9 |       |    24 |       |       ||    33
       Skin              |       |     3 |       |       |       ||     3
       Leather armour    |       |       |     5 |    54 |    21 ||    80
Dodge: Dodged            |    23 |     7 |    97 |    98 |    60 ||   285
Block: Buckler           |       |       |       |       |    11 ||    11
